[Event "GCT Superbet Romania 2022"]
[Site "Bucharest"]
[Date "2022.05.13"]
[Round "8.2"]
[White "Nepomniachtchi, Ian"]
[Black "Aronian, Levon"]
[Result "1/2-1/2"]
[ECO "C54"]
[WhiteElo "2773"]
[BlackElo "2765"]
[Annotator "TA"]
[PlyCount "170"]
[EventDate "2022.05.05"]
[EventType "tourn"]
[EventCountry "ROU"]
[SourceTitle "playchess.com"]
[Source "ChessBase"]
[SourceQuality "1"]
[TimeControl "40/5400+30:1800+30"]

1. e4 e5 2. Nf3 Nc6 3. Bc4 Bc5 4. c3 Nf6 5. d3 O-O 6. O-O d5 7. exd5 Nxd5 8. Re1 Bg4 9. Nbd2 {[%emt 0:00:04] C54: Giuoco Piano: 4 c3 Nf6, main lines with 5 d4 and 5 d3.} Nb6 10. h3 Bh5 11. Bb3 $1 {[%emt 0:00:32][%mdl 4] outshines the older 11.Bb5.} Qxd3 (11... Kh8 12. Ne4 Nd7 13. Bd5 Bb6 14. Ng3 Bxf3 15. Qxf3 f5 16. d4 f4 17. Ne4 exd4 18. Bxc6 bxc6 19. Bxf4 dxc3 20. bxc3 Ne5 21. Qg3 Nd3 22. Rad1 Nxe1 23. Rxd8 Raxd8 {1-0 (59) Nepomniachtchi,I (2784)-Aronian,L (2781) chess24.com INT 2020}) 12. Nxe5 Qf5 13. Nef3 $1 (13. Ndf3 $2 Nxe5 14. Rxe5 Qxe5 15. Nxe5 Bxd1 16. Bxd1 Rfe8 $19) 13... Rad8 14. Qe2 Nd5 15. Qe4 Qxe4 16. Nxe4 {[%emt 0:00:17] [#]} Be7 $146 ({Predecessor:} 16... Bb6 17. Bg5 f6 18. Rad1 Bf7 19. Bc1 Nde7 20. Bc2 Rxd1 21. Rxd1 Rd8 22. Re1 Ng6 {1-0 (46) Vachier Lagrave,M (2774)-Jakovenko,D (2681) Khanty-Mansiysk 2019}) 17. Rd1 Nf6 18. Nxf6+ Bxf6 19. g4 Rxd1+ 20. Bxd1 Bg6 21. Bf4 Nb4 22. cxb4 Bxb2 {[%emt 0:00:43] [#]} 23. Rc1 Bxc1 24. Bxc1 Rd8 25. Be2 Bd3 26. Kf1 Rd5 27. Be3 a5 28. a3 $1 axb4 29. axb4 Bxe2+ 30. Kxe2 f6 31. Nd4 Kf7 32. Kd3 h5 33. Kc4 c6 34. b5 hxg4 (34... Re5 $14) 35. hxg4 $18 (35. bxc6 $6 bxc6 36. hxg4 Re5 $16) 35... Ke8 36. b6 Kd7 37. Nb3 Rd1 38. Nc5+ Kc8 39. Bf4 (39. Ne4 $18) 39... Rg1 $1 $14 40. Bg3 Rc1+ $1 41. Kd4 Rd1+ $1 42. Nd3 Ra1 43. Bd6 Ra6 44. Bf8 {[%emt 0:00:19] White is more active.} Ra4+ 45. Bb4 Ra6 46. Kc5 Ra1 47. Kd4 Ra6 $1 48. Bf8 (48. Bc5 $5 ) 48... Ra4+ 49. Nb4 $1 Kd7 50. f3 g6 51. Bc5 Ke6 52. Kc4 f5 53. g5 {[%emt 0:03:15] Threatens to win with f4.} f4 $1 54. Bd4 Kd6 (54... Kf5 $11 {might be stronger.}) 55. Bg7 Kd7 (55... Ra5 $14) 56. Be5 $16 c5 57. Kxc5 Ra3 {[%emt 0:00:10] Inhibits Nd3.} 58. Nd5 $1 (58. Bxf4 Rxf3 59. Bd2 Rf2 $16) 58... Rxf3 $2 (58... Ke6 59. Bc3 Rb3 60. Nxf4+ Kf7) 59. Nxf4 $18 Rf1 60. Kd5 $1 ({Less strong is} 60. Nxg6 Rf5 $16) 60... Rf3 61. Bc7 ({Not} 61. Nxg6 Rf5 62. Nf4 Rxg5 $16) 61... Rg3 62. Ne6 $1 Rg1 63. Nc5+ (63. Be5 $142 Rb1 64. Nc5+ Kc8 65. Ke6) 63... Kc8 64. Ne4 (64. Bf4 $18) 64... Rd1+ $16 65. Ke5 Re1 66. Kf4 ({White should try} 66. Bd6 $1 $16 ) 66... Kd7 $2 (66... Rf1+ $14 67. Kg4 Rg1+ 68. Bg3 Rb1) 67. Nd6 $18 Kc6 {[%emt 0:00:46] [#]} 68. Nc4 $1 Rf1+ 69. Ke4 (69. Kg4 $142 {aiming for Ne5+.} Rg1+ 70. Kf4) 69... Re1+ (69... Kd7 $142 70. Ne5+ Ke6 71. Nxg6 Re1+ 72. Kf4 Rg1) 70. Kd4 Kb5 71. Nd6+ Kc6 {[%emt 0:01:17] [#]} 72. Nf7 $1 Kd7 73. Ne5+ Ke6 74. Nxg6 Kf5 75. Ne5 $2 (75. Nh4+ $18 Kg4 76. Ng2 (76. g6 Kxh4 77. g7 Rg1 $11) 76... Rd1+ 77. Ke4 Kxg5 78. Be5) 75... Rd1+ $11 {[%emt 0:00:47] The position is equal.} 76. Kc5 Kxg5 77. Nf7+ Kf6 78. Nd6 Rc1+ 79. Kb5 Rb1+ 80. Ka4 Ra1+ 81. Kb3 Ke6 82. Nxb7 Rc1 $1 {[%emt 0:00:09] Inhibits Nc5+.} 83. Kb4 Rxc7 $1 84. Nc5+ Kd6 85. bxc7 Kxc7 {[%emt 0:11:41] Blacks defense is rewarded with a draw.  Weighted Error Value: White=0.08 (flawless) /Black=0.09 (flawless)} 1/2-1/2

[Event "GCT Superbet Romania 2022"]
[Site "Bucharest"]
[Date "2022.05.13"]
[Round "8.3"]
[White "Vachier-Lagrave, Maxime"]
[Black "Deac, Bogdan-Daniel"]
[Result "1/2-1/2"]
[ECO "C42"]
[WhiteElo "2750"]
[BlackElo "2671"]
[Annotator "TA"]
[PlyCount "112"]
[EventDate "2022.05.05"]
[EventType "tourn"]
[EventCountry "ROU"]
[SourceTitle "playchess.com"]
[Source "ChessBase"]
[SourceQuality "1"]
[TimeControl "40/5400+30:1800+30"]

1. e4 {[%emt 0:00:01] Huzman,A} e5 2. Nf3 Nf6 3. Nxe5 d6 4. Nf3 Nxe4 5. d4 d5 6. Bd3 Bd6 7. O-O O-O 8. c4 c6 9. Re1 Bf5 10. Qb3 Qd7 $1 {[%emt 0:02:07][%mdl 4] outshines the older 10...Na6. C42: Petroff Defence: 3 Nxe5 and unusual White 3rd moves.} 11. Be3 dxc4 12. Bxc4 {[%emt 0:00:08] [#]} Na6 $146 ({Predecessor:} 12... Qc7 13. Nc3 Nxc3 14. bxc3 Nd7 15. h3 b5 16. Bf1 Nb6 17. Nd2 Rab8 18. c4 bxc4 19. Nxc4 Nxc4 20. Qxc4 Be4 {½-½ (20) Leko,P (2730)-Anand,V (2794) Leon 2001 CBM 084 [Huzman,A]}) 13. Ne5 Qc7 14. Nc3 Nxc3 {[%emt 0:02:38] The position is equal.} 15. bxc3 ({Much worse is} 15. Qxc3 Bb4 16. Qb3 Bxe1 17. Rxe1 Rae8 $17) 15... b5 16. Bf1 Nc5 $1 17. Qd1 Be6 18. Bf4 Nd7 19. Bd3 Nxe5 20. dxe5 Be7 21. Qf3 Rad8 22. a4 a6 23. h4 Qc8 24. Be4 Bd5 25. h5 Qe6 26. Bxd5 Rxd5 27. axb5 axb5 28. Ra6 h6 29. g3 f6 30. Qe4 fxe5 31. Bxe5 Bc5 32. Bf4 Qxe4 33. Rxe4 Rxh5 34. Rxc6 Rd5 35. Kg2 Rf7 36. f3 Be7 37. Rd4 Rdf5 38. Rd7 Bg5 39. Rc8+ Kh7 40. Rxf7 Rxf7 41. Bxg5 hxg5 $11 {[%emt 0:00:09][%mdl 4096] Endgame KR-KR} 42. Rc5 g4 43. f4 Rd7 44. Rh5+ Kg8 45. Rxb5 Rd2+ 46. Kf1 Rd3 47. Kf2 Rf3+ 48. Kg2 Rxc3 49. Rg5 Rc2+ 50. Kf1 Kf7 51. Rxg4 Rc5 52. Kg2 g5 53. Rxg5 Rxg5 {[%emt 0:00:01][%mdl 64] [#] Remove Defender} 54. fxg5 {[%emt 0:00:06] Threatening mate with Kf3.} Kg6 55. Kf2 Kxg5 56. g4 Kxg4 {[%emt 0:00:04] Weighted Error Value: White=0.02 (flawless) /Black=0.03 (flawless)} 1/2-1/2

[Event "GCT Superbet Romania 2022"]
[Site "Bucharest"]
[Date "2022.05.13"]
[Round "8.4"]
[White "Caruana, Fabiano"]
[Black "Rapport, Richard"]
[Result "1/2-1/2"]
[ECO "B45"]
[WhiteElo "2786"]
[BlackElo "2776"]
[Annotator "TA"]
[PlyCount "102"]
[EventDate "2022.05.05"]
[EventType "tourn"]
[EventCountry "ROU"]
[SourceTitle "playchess.com"]
[Source "ChessBase"]
[SourceQuality "1"]
[TimeControl "40/5400+30:1800+30"]

1. e4 c5 2. Nf3 e6 3. d4 cxd4 4. Nxd4 Nf6 5. Nc3 Nc6 6. Nxc6 bxc6 7. e5 Nd5 8. Ne4 Bb7 9. c4 {[%emt 0:02:08] B45: Sicilian Four Knights.} Nb4 10. c5 {[%emt 0:02:13] aiming for Qb3.} Qb8 11. f4 Ba6 {[%emt 0:00:13] Against Bc4} 12. Be2 {[%emt 0:00:29] [#]} Bxe2 $146 ({Predecessor:} 12... Be7 13. O-O O-O 14. Bxa6 Nxa6 15. Be3 Qb4 16. Qc2 Nc7 17. a3 Qb7 18. Rad1 Nd5 {1-0 (29) Saric,I (2687)-Abasov,N (2630) Terme Catez 2022}) 13. Qxe2 Qb5 14. Qxb5 cxb5 15. Ke2 Nd5 16. Bd2 a5 17. Rhc1 Be7 18. Nc3 Nc7 19. Be3 Ra6 20. a3 f5 21. b4 {[%emt 0:01:57] Hoping for a4.} Kf7 22. Rd1 axb4 23. axb4 {[%emt 0:00:05] [#] Black must now prevent Rxa6.} Rb8 24. Rxa6 Nxa6 25. Rxd7 {[%emt 0:01:17] And now c6 would win.} Nxb4 26. Rc7 Ke8 27. c6 {[%emt 0:01:03] Black should prevent Ba7.} Bd8 28. Rxg7 {[%emt 0:00:45] [#] Threatens to win with c7.} Nxc6 29. Rxh7 b4 30. Na4 {[%emt 0:00:06] The position is equal.} b3 31. Nb2 Nb4 32. Bd2 Nd5 33. Kd3 Be7 $1 34. Kc4 Rb6 35. Ba5 Rb7 36. Bd2 Kf8 37. Rh3 Nxf4 38. Bxf4 Rb4+ 39. Kc3 Rxf4 40. Kxb3 $11 {[%emt 0:00:00][%mdl 4096] Endgame KRB-KRN} Rg4 41. Nd3 Rxg2 42. Nf4 Rg4 43. Nxe6+ Kf7 44. Nc7 Bd8 45. e6+ Kf6 46. Re3 Bxc7 47. e7 Rg8 48. e8=N+ Rxe8 $1 49. Rxe8 Bxh2 50. Rf8+ Ke6 51. Rxf5 Kxf5 {[%emt 0:27:27] Weighted Error Value: White=0.04 (flawless) /Black=0.03 (flawless)} 1/2-1/2

[Event "GCT Superbet Romania 2022"]
[Site "Bucharest"]
[Date "2022.05.13"]
[Round "8.5"]
[White "Mamedyarov, Shakhriyar"]
[Black "Dominguez Perez, Leinier"]
[Result "0-1"]
[ECO "D27"]
[WhiteElo "2770"]
[BlackElo "2753"]
[Annotator "TA"]
[PlyCount "86"]
[EventDate "2022.05.05"]
[EventType "tourn"]
[EventCountry "ROU"]
[SourceTitle "playchess.com"]
[Source "ChessBase"]
[SourceQuality "1"]
[TimeControl "40/5400+30:1800+30"]

1. d4 d5 2. c4 dxc4 3. Nf3 Nf6 4. e3 e6 5. Bxc4 a6 6. O-O c5 7. b3 b5 8. Be2 Nbd7 9. Bb2 Bb7 10. Nbd2 Be7 11. a4 b4 12. Rc1 {[%emt 0:01:00] D27: Queen's Gambit Accepted: Classical main line: 7 e4!? and 7 a4.} Rc8 13. Ne5 cxd4 {[%emt 0:08:24] [#]} 14. Rxc8 $146 {[%emt 0:09:50] The position is equal.} ({Predecessor:} 14. Bxd4 Nxe5 15. Bxe5 O-O 16. Rxc8 Qxc8 17. Nc4 Ne4 18. Qc2 Rd8 19. Bf3 f5 20. Qb2 {1-0 (45) Kovalenko,I (2651)-Tomczak,M (2435) Szklarska Poreba 2021}) 14... Qxc8 15. Nxd7 Nxd7 16. Bxd4 O-O 17. Qa1 Bf6 18. Nc4 Qc7 19. Rd1 Bd5 20. Bxf6 Nxf6 21. f3 {[%emt 0:00:05] Prevents Ne4.} Nd7 22. e4 Bxc4 23. Bxc4 a5 24. Qd4 Ne5 25. Be2 h6 26. g3 g5 27. Qe3 Rc8 28. f4 gxf4 29. gxf4 Ng6 30. f5 exf5 31. exf5 Nf4 32. Bc4 {[%emt 0:02:33] Black must now prevent Rf1.} Kh7 {[%emt 0:10:21] Threatens to win with ...Rg8+.} 33. Qf3 {[%emt 0:04:15] aiming for Rf1.} Rg8+ 34. Kh1 h5 35. h3 Rg5 36. Rf1 $1 Ng2 $40 {[%emt 0:00:01][%mdl 128] Hoping for ...f6. Black attacks.} (36... Rxf5 $2 37. Bd3 Kh6 38. Bxf5 $18) 37. Qe4 {[%emt 0:00:52] [#]} (37. Bd5 $1 $11 Qd6 38. Bxf7) 37... Rg3 ({Black should try} 37... Nh4 $1 $17 38. f6+ (38. Rf4 Qb6) 38... Kh6) 38. Rf3 $11 {[%emt 0:10:30] Inhibits Qg3.} Rxf3 $1 39. Qxf3 Nf4 40. Qe4 $2 (40. Qg3 $11) 40... Kg7 $2 (40... Nxh3 $19 {( -> ...Nf2+)} 41. Qf3 (41. f6+ Kh6 $17) 41... Nf4 42. Bxf7 Kh6) 41. Qd4+ f6 42. Qg1+ Kh6 {[%emt 0:00:04] And now ...Qe5 would win.} 43. Qg8 $2 (43. Qg3 $1 $11 {and White stays safe.}) 43... Qe5 {[%emt 0:02:58] Weighted Error Value: White=0.30/Black=0.10 (very precise)} 0-1

[Event "GCT Superbet Romania 2022"]
[Site "Bucharest"]
[Date "2022.05.14"]
[Round "9.1"]
[White "Dominguez Perez, Leinier"]
[Black "So, Wesley"]
[Result "1/2-1/2"]
[ECO "C54"]
[WhiteElo "2753"]
[BlackElo "2766"]
[Annotator "TA"]
[PlyCount "72"]
[EventDate "2022.05.05"]
[EventType "tourn"]
[EventCountry "ROU"]
[SourceTitle "playchess.com"]
[Source "ChessBase"]
[SourceQuality "1"]
[TimeControl "40/5400+30:1800+30"]

1. e4 e5 2. Nf3 Nc6 3. Bc4 Bc5 4. c3 Nf6 5. d3 d6 6. O-O a5 $1 {[%emt 0:00:51][%mdl 4] Prevents b4. 6...a5 is setting a new trend. C54: Giuoco Piano: 4 c3 Nf6, main lines with 5 d4 and 5 d3.} 7. Re1 O-O 8. h3 h6 {[%emt 0:01:03] The position is equal.} (8... Be6 9. Bb5 Ba7 10. Nbd2 Ne7 11. d4 Ng6 12. Ba4 Nh5 13. Nf1 Nhf4 14. Ng3 c6 15. Bc2 Qd7 16. Nf5 f6 17. Be3 Kh8 18. dxe5 fxe5 {1-0 (34) Dominguez Perez,L (2752)-So,W (2772) Berlin 2022}) 9. Nbd2 Be6 10. Bb5 Nd7 11. Nf1 d5 (11... f5 {feels hotter.} 12. exf5 Bxf5 13. d4 Bb6) 12. Be3 {[%emt 0:00:10] [#]} dxe4 $146 ({Predecessor:} 12... Bd6 13. Ng3 dxe4 14. dxe4 Qf6 15. Qe2 Rfd8 16. Bc4 Ne7 17. a4 Bxc4 18. Qxc4 Qe6 19. Qxe6 fxe6 {0-1 (60) Giri,A (2773)-Maghsoodloo,P (2699) Chess.com INT 2022}) 13. dxe4 Qf6 14. Qe2 Rfd8 15. Red1 {[%emt 0:01:32] [#] Threatens to win with Bxc6.} Bf8 16. Ng3 a4 17. Nh2 Qg6 18. Ng4 Bd6 19. Bc4 Bxc4 20. Qxc4 Qe6 21. Qxe6 fxe6 22. b4 axb3 23. axb3 Na5 24. Rdb1 b5 25. Nf1 b4 26. Ra4 {[%emt 0:00:30] [#] And now Rba1 would win.} Nc6 {[%emt 0:00:00] Hoping for ...Rxa4.} ({Much less strong is} 26... bxc3 27. Rba1 $14) 27. cxb4 Nxb4 28. Rxa8 Rxa8 29. Bd2 Nc6 30. f3 Nd4 31. b4 Ra2 32. Nge3 Nb6 {[%emt 0:00:00] Prevents Nc4.} 33. Be1 Ne2+ 34. Kh2 Nd4 {[%emt 0:00:00] aiming for ...Nxf3+.} 35. Kg1 Ne2+ 36. Kh2 Nd4 {[%emt 0:00:00] Weighted Error Value: White=0.04 (flawless) /Black=0.04 (flawless)} (36... Kf7 $15) 1/2-1/2

[Event "GCT Superbet Romania 2022"]
[Site "Bucharest"]
[Date "2022.05.14"]
[Round "9.2"]
[White "Aronian, Levon"]
[Black "Mamedyarov, Shakhriyar"]
[Result "1/2-1/2"]
[ECO "C49"]
[WhiteElo "2765"]
[BlackElo "2770"]
[Annotator "TA"]
[PlyCount "72"]
[EventDate "2022.05.05"]
[EventType "tourn"]
[EventCountry "ROU"]
[SourceTitle "playchess.com"]
[Source "ChessBase"]
[SourceQuality "1"]
[TimeControl "40/5400+30:1800+30"]

1. e4 e5 2. Nf3 Nc6 3. Nc3 Nf6 4. Bb5 Bb4 5. O-O O-O 6. Bxc6 dxc6 7. Nxe5 Bxc3 {[%emt 0:00:29] C49: Four Knights: 4 Bb5 Bb4.} 8. dxc3 Nxe4 9. Bf4 {[%emt 0:00:49][%cal Bc1f4,Bf4e5,Be5g3][%mdl 32] has lost popularity (9.Qxd8).} Qf6 10. Nd3 Nd6 11. Re1 Bf5 {[%emt 0:00:53] [#]} 12. Be5 $146 ({Predecessor:} 12. Qf3 Rfe8 {½-½ (12) Aronin,L-Zhukhovitsky,S Tbilisi 1957}) 12... Qh4 13. Qf3 {[%emt 0:03:35] [#] Threatens to win with Bxd6.} Be4 14. Qg3 Qxg3 {[%emt 0:00:11] The position is equal.} 15. Bxg3 Bxd3 16. cxd3 Rfe8 {[%emt 0:01:48] Against Re7} 17. f3 f6 18. Kf2 Kf7 19. Bxd6 cxd6 $11 {[%emt 0:00:07][%mdl 4096] Endgame KRR-KRR} 20. d4 d5 21. a4 a5 22. h4 h5 23. Rxe8 Rxe8 {[%emt 0:00:44] KR-KR} 24. b4 Ra8 25. Rb1 Kg6 26. b5 Rc8 27. bxc6 Rxc6 28. Rxb7 Rxc3 29. Rb5 Rc4 30. Rxd5 Rxa4 31. Kg3 Rb4 32. Rxa5 Rxd4 33. Kh3 Kh6 34. Kg3 Kg6 35. Kh3 Kh6 36. Kg3 Kg6 {[%emt 0:00:05] Weighted Error Value: White=0.02 (flawless) /Black=0.01 (flawless)} 1/2-1/2

[Event "GCT Superbet Romania 2022"]
[Site "Bucharest"]
[Date "2022.05.14"]
[Round "9.3"]
[White "Firouzja, Alireza"]
[Black "Vachier-Lagrave, Maxime"]
[Result "0-1"]
[ECO "D78"]
[WhiteElo "2804"]
[BlackElo "2750"]
[Annotator "TA"]
[PlyCount "148"]
[EventDate "2022.05.05"]
[EventType "tourn"]
[EventCountry "ROU"]
[SourceTitle "playchess.com"]
[Source "ChessBase"]
[SourceQuality "1"]
[TimeControl "40/5400+30:1800+30"]

1. d4 Nf6 2. c4 g6 3. Nf3 Bg7 4. g3 c6 5. Bg2 d5 6. O-O O-O 7. Ne5 dxc4 8. Nxc4 Be6 {[%emt 0:01:41] D78: Fianchetto Grünfeld: 6 0-0 c6.} 9. b3 Bd5 10. Bb2 Nbd7 $5 {[%emt 0:00:59][%cal Bb8d7,Bd7e5,Be5g4][%mdl 4] The position is equal. A promising side line.} 11. Nc3 Bxg2 12. Kxg2 {[%emt 0:00:06] [#]} b5 $146 ({Predecessor:} 12... Nb6 13. e4 Qc7 14. Qe2 Rfd8 15. Rfd1 Nfd7 16. Rac1 Nxc4 17. bxc4 Qb6 18. f4 Nf8 {1-0 (40) Bodyagin,A (1942)-Erastov,S (1692) Nizhnij Novgorod 2015}) 13. Nd2 e5 14. dxe5 Nxe5 15. Nde4 Neg4 16. Nxf6+ Nxf6 (16... Qxf6 {seems wilder.} 17. e4 Qe6 18. Qc2 Rad8) 17. Qc2 Qe7 18. Rfe1 Qc5 19. Rac1 Rfe8 20. Nd1 Qxc2 21. Rxc2 Re6 22. Ne3 Rd8 23. Nf1 Nd5 {[%emt 0:02:03] [#] Strongly threatening ...Nb4.} 24. Bxg7 Kxg7 25. a3 {[%emt 0:02:57] Prevents Nb4.} a5 26. Nd2 b4 27. a4 Re3 28. Rxc6 (28. Rb2 $5 Re7 29. Nc4 $14) 28... Rc3 29. Nc4 Rxb3 30. e4 Re8 31. Nd6 Re6 32. Rd1 Nf6 33. e5 (33. Rd4 $11 {and White is okay.}) 33... Ng4 $19 ({But not} 33... Rxe5 34. Rc7 Nd5 35. Rxf7+ Kg8 36. Rd7 $16) 34. Rc7 Nxe5 35. f4 Rd3 36. Rxd3 Nxd3 37. Rxf7+ {[%emt 0:00:44][%mdl 4096] Endgame KRN-KRN} Kg8 38. Rd7 {[%emt 0:00:02] [#]} b3 $1 {[%emt 0:01:33] White must now prevent ...b2.} 39. Rd8+ Kg7 {[%emt 0:00:06] aiming for ...b2. Black is more active.} 40. Rd7+ Kf8 41. Nc4 b2 42. Nxb2 Nxb2 {[%emt 0:00:24] KRN-KR} 43. Ra7 Nxa4 44. Rxa5 Nb6 45. g4 (45. f5 $142 Re2+ 46. Kh3) 45... Nd7 (45... Rd6 $19 46. f5 gxf5 47. Rxf5+ Kg7) 46. Kg3 (46. f5 $17 gxf5 47. Rxf5+ Kg7 48. Ra5) 46... Re3+ 47. Kh4 Nf6 48. Ra8+ Kf7 49. Ra7+ Re7 50. Ra5 Ne4 51. f5 Rd7 {[%emt 0:04:05] Hoping for ...Rd3.} 52. fxg6+ $2 (52. Ra4 {was worth a try.} Re7 53. fxg6+ hxg6 54. Kh3) 52... hxg6 53. Ra4 Re7 54. Ra5 Kf6 55. g5+ Kf7 56. Kg4 Nd6 57. Ra4 Nf5 58. h4 $2 (58. Kf3) 58... Ng7 59. Kf3 Nh5 {[%emt 0:00:29] ...Re5 is the strong threat.} 60. Rb4 Rd7 (60... Re1 $142 61. Rb6 Rf1+ 62. Kg2 Rf4) 61. Kg4 Rd6 (61... Rd1 $142 62. Rb6 Rd4+ 63. Kh3 Ra4) 62. Re4 Rd1 ({Not} 62... Rd3 63. Re7+ Kg8 64. Re8+ Kf7 65. Re7+ Kg8 66. Re8+ Kh7 67. Rh8+ Kg7 68. Rg8+ Kh7 69. Rxg6 Kxg6 $11) 63. Ra4 Ke6 64. Ra6+ Rd6 65. Ra4 Ke5 66. Ra3 Rd4+ (66... Ke4 $142 {( -> ...Rd2)} 67. Ra7 Rd4 68. Re7+ Kd3+ 69. Kf3 Rf4+ 70. Kg2 Rxh4) 67. Kh3 Kf5 68. Ra5+ Ke4 69. Kg4 Ke3+ {[%emt 0:00:07] Black mates.} 70. Kh3 Re4 71. Ra1 Kf2 72. Ra2+ Kf3 73. Ra3+ Re3 74. Ra4 Nf4+ {[%emt 0:00:09] Weighted Error Value: White=0.51/Black=0.21 (precise)} 0-1

[Event "GCT Superbet Romania 2022"]
[Site "Bucharest"]
[Date "2022.05.14"]
[Round "9.4"]
[White "Deac, Bogdan-Daniel"]
[Black "Caruana, Fabiano"]
[Result "1/2-1/2"]
[ECO "D17"]
[WhiteElo "2671"]
[BlackElo "2786"]
[Annotator "TA"]
[PlyCount "109"]
[EventDate "2022.05.05"]
[EventType "tourn"]
[EventCountry "ROU"]
[SourceTitle "playchess.com"]
[Source "ChessBase"]
[SourceQuality "1"]
[TimeControl "40/5400+30:1800+30"]

1. d4 d5 2. c4 c6 3. Nf3 Nf6 4. Nc3 dxc4 5. a4 Bf5 6. Ne5 Nbd7 7. Nxc4 Qc7 8. g3 e5 9. dxe5 Nxe5 10. Bf4 Nfd7 11. Bg2 g5 $1 {[%emt 0:00:11] The main line 11...g5 scores better than 11...f6. D17: Slav Defence: 5 a4 Bf5: Lines with 6 Nh4 and 6 Ne5.} 12. Bxe5 Nxe5 13. Qd4 f6 {[%emt 0:00:58] The position is equal.} 14. O-O-O Be6 {[%emt 0:16:26] [#] This bishop pair is nice.} 15. f4 $1 gxf4 {[%emt 0:06:54] [#]} ({Don't play} 15... Nxc4 16. Qxf6 Bg4 17. Qxh8 $16) 16. gxf4 $1 Rd8 17. Qxd8+ Qxd8 18. Rxd8+ Kxd8 19. fxe5 {[%emt 0:00:09] Strongly threatening Nd6.} Bxc4 20. exf6 Kc7 21. Be4 {[%emt 0:10:59] [#]} Bh6+ $146 ({Predecessor:} 21... Bd6 22. Bd3 Bb3 23. Ne4 Be5 24. Rg1 Rg8 25. Rf1 Rf8 26. Rf5 Bxh2 27. e3 Rd8 {½-½ (45) Civitillo,A (2389)-Meiners,E (2360) ICCF email 2015}) 22. Kc2 Bg5 23. Rf1 Rf8 $1 24. Bxh7 {[%emt 0:05:12] aiming for b3.} Rxf6 25. Rxf6 Bxf6 $11 {[%emt 0:00:25][%mdl 4096] Endgame KBB-KBN} 26. Bd3 Be6 27. Ne4 Be7 28. Kc3 a5 29. Bc4 Bd7 30. b3 b5 31. Bd3 Kb6 32. Kc2 Bh4 33. Kc3 Be7 34. Bc2 Bg4 35. Kd3 Bd8 36. Ke3 Bc7 37. h4 Bd8 {[%emt 0:00:05] Against Nf6} 38. Ng5 Be7 39. Bg6 Kc5 40. Be8 bxa4 41. bxa4 Kd5 42. Kd3 c5 43. Bb5 {[%emt 0:02:27] Inhibits c4+.} Ke5 44. Ke3 c4 45. Bxc4 Bc5+ 46. Kd3 Bf2 47. Nf7+ Kf6 48. Nd8 Bxh4 49. Nc6 Bd7 50. Bb5 Bxc6 51. Bxc6 Ke5 52. Bf3 Be1 53. Bc6 Bh4 54. Bf3 Be1 55. Bc6 {[%emt 0:00:02] A balanced but interesting game.  Weighted Error Value: White=0.03 (flawless) /Black=0.02 (flawless)} 1/2-1/2

[Event "GCT Superbet Romania 2022"]
[Site "Bucharest"]
[Date "2022.05.14"]
[Round "9.5"]
[White "Rapport, Richard"]
[Black "Nepomniachtchi, Ian"]
[Result "1/2-1/2"]
[ECO "E36"]
[WhiteElo "2776"]
[BlackElo "2773"]
[Annotator "TA"]
[PlyCount "83"]
[EventDate "2022.05.05"]
[EventType "tourn"]
[EventCountry "ROU"]
[SourceTitle "playchess.com"]
[Source "ChessBase"]
[SourceQuality "1"]
[TimeControl "40/5400+30:1800+30"]

1. d4 Nf6 2. c4 e6 3. Nc3 Bb4 4. Qc2 O-O 5. a3 Bxc3+ 6. Qxc3 d5 {[%emt 0:00:20] seems to push 6...b6 aside.} 7. Bg5 dxc4 {[%emt 0:00:22] E36: Nimzo-Indian: Classical: 4...d5 5 a3.} 8. Qxc4 b6 9. Rd1 Ba6 {[%emt 0:00:40] [#] The position is equal.} 10. Qc1 $146 ({Predecessor:} 10. Qa4 h6 11. Bh4 Qe7 12. Nf3 Rd8 13. g4 Bb7 14. Bg2 Nbd7 15. Rg1 c5 16. g5 hxg5 17. Nxg5 Bxg2 18. Rxg2 {½-½ (36) Mamedyarov,S (2782)-Nakamura,H (2736) Saint Louis 2021}) 10... Nbd7 11. Nf3 Rc8 12. e4 Bxf1 13. Kxf1 h6 14. Bh4 {[%emt 0:05:00] [#] Black must now prevent e5.} Qe8 15. Qc6 Nb8 (15... g5 $11 16. Bg3 Nb8 17. Qxe8 Rfxe8) 16. Qxe8 $14 Rfxe8 17. Bxf6 gxf6 18. Rc1 c5 19. dxc5 Nd7 20. c6 Nb8 21. c7 Na6 22. Nd4 {[%emt 0:00:52] Strongly threatening Nb5.} Nc5 $2 (22... Rxc7 $14 23. Rxc7 Nxc7) 23. Nb5 (23. b4 $18) 23... Re7 $16 24. Ke2 {[%emt 0:01:16] Rhd1 is the strong threat.} a6 {[%emt 0:01:13] [#]} 25. Rhd1 $1 Kh7 $1 26. Nd6 {[%emt 0:11:21] White is more active.} Rcxc7 27. f4 (27. b4 $16 Nb3 28. Rxc7 Rxc7 29. Ne8) 27... Nb3 $11 28. Rxc7 Rxc7 {[%emt 0:00:18][%mdl 4096] Endgame KRN-KRN} 29. Kf3 Rd7 30. e5 fxe5 31. fxe5 Nc5 32. Rd4 Nb7 33. Ke3 {[%emt 0:02:26] Threatens to win with Nc4.} Nxd6 34. Rxd6 {[%emt 0:00:16] KR-KR} Rb7 35. b4 Kg6 36. Ke4 a5 37. b5 h5 38. h4 Kg7 39. Kf4 Kg6 40. Ke4 Kg7 41. Kf4 Kg6 42. Ke4 {[%emt 0:00:05] Weighted Error Value: White=0.13 (very precise) /Black=0.16 (very precise)} 1/2-1/2